 Dungeon Crawl Stone Soup version 0.30-a0-830-gfe289a77b0 (webtiles) character file.

Game seed: 6658838372751838617

1655 BigDaddyOpFi the Sneak (level 8, -14/31 HPs)
             Began as a Felid Earth Elementalist on Feb 28, 2023.
             Demolished by an orc knight
             ... wielding a +0 glaive
              (24 damage)
             ... in a bailey.
             The game lasted 00:10:35 (7868 turns).

BigDaddyOpFi the Sneak (Felid Earth Elementalist)   Turns: 7868, Time: 00:10:36

Health: -14/31     AC:  2    Str:  4    XL:     8   Next: 68%
Magic:  9/16       EV: 21    Int: 19    God:
Gold:   369        SH:  0    Dex: 16    Spells: 9/16 levels left
                                        Lives:  0   Deaths: 2

rFire   . . .      SeeInvis +    (weapon unavailable)
rCold   . . .      Faith    .    (shield unavailable)
rNeg    . . .      Spirit   .    (body armour unavailable)
rPois   .          Reflect  .    (helmet unavailable)
rElec   .          Harm     .    (cloak unavailable)
rCorr   .          Rampage  .    (gloves unavailable)
Will    ++...                    (boots unavailable)
Stlth   ++++                     h - amulet of magic regeneration
HPRegen 0.25/turn                s - ring of willpower
MPRegen 0.55/turn                (no ring)

@: mighty, quick
A: very small, claws 1, fangs 3, see invisible, speed 1, shaggy fur 2, stealthy
paws, no weapons or thrown items, no armour, multi-lived
a: no special abilities


You were in a bailey.
You visited 1 branch of the dungeon, and saw 7 of its levels.
You also visited: Bailey.

You collected 369 gold pieces.

Inventory:

Missiles
 o - 3 silver javelins
Jewellery
 e - an amulet of guardian spirit
 h - an amulet of magic regeneration (around neck)
 s - a ring of willpower (left paw)
 t - an amulet of reflection
Wands
 j - a wand of flame (12) (quivered)
 k - a wand of charming (6)
Scrolls
 b - a scroll of silence
 c - a scroll of poison
 g - a scroll of magic mapping
 l - 2 scrolls of identify
 m - a scroll of teleportation
 n - 2 scrolls of fog
 q - a scroll of enchant armour
Potions
 a - 2 potions of might
 d - a potion of magic
 f - a potion of brilliance
 p - a potion of flight {unknown}
 r - a potion of lignification {unknown}


   Skills:
 + Level 7.0 Dodging
 + Level 7.6 Stealth
 + Level 4.9 Spellcasting
 + Level 4.2 Conjurations
 + Level 4.3 Transmutations
 + Level 5.1 Earth Magic


You had 9 spell levels left.
You knew the following spells:

 Your Spells              Type           Power      Damage    Failure   Level
a - Sandblast             Erth           48%        2d12      1%          1
b - Stone Arrow           Conj/Erth      44%        3d9       5%          3
c - Searing Ray           Conj           40%        2d5       3%          2
d - Magic Dart            Conj           80%        1d7       2%          1

Your spell library contained the following spells:

 Spells                   Type           Power      Damage    Failure   Level
 Passwall                 Tmut/Erth      18%        N/A       2%          2
 Petrify                  Tmut/Erth      22%        N/A       17%         4
 Fulminant Prism          Conj/Hex       6%         3d7       45%         4


Dungeon Overview and Level Annotations

Branches:
Dungeon (7/15)             Bailey (1/1)
 Temple: D:4-7

Altars:
Ashenzari
Cheibriados
Elyvilon
Hepliaklqana
Xom
Yredelemnul

Annotations:
D:7 1 runed translucent door, cforsyth's ghost, novice KoBr


Innate Abilities, Weirdness & Mutations

You have sharp claws.
You have razor-sharp teeth.
You have supernaturally acute eyesight. (SInv)
You cover ground quickly. (Speed+)
You are covered in thick fur. (AC +2)
Your paws help you pounce on unaware monsters.
You are incapable of wielding weapons or throwing items.
You cannot wear armour.
You gain extra lives every three experience levels.


Message History

Casting: Magic Dart (safe; 2% risk of failure)
Confirm with . or Enter, or press ? or * to list all spells.
Aiming: Searing Ray (safe; 3% risk of failure)
Press: ? - help, Shift-Dir - straight line, f/p - orc knight
Aim: an orc knight, wielding a +0 glaive and wearing a +0 ring mail (lightly wounded, 72% to hit)
Okay, then.
Casting: Searing Ray (safe; 3% risk of failure)
Confirm with . or Enter, or press ? or * to list all spells.
Aiming: Stone Arrow (dangerous; 5% risk of failure)
Press: ? - help, Shift-Dir - straight line, f/p - orc knight
Aim: an orc knight, wielding a +0 glaive and wearing a +0 ring mail (lightly wounded, 64% to hit)
The stone arrow hits the orc knight!
The orc knight is moderately wounded.
Casting: Stone Arrow (dangerous; 5% risk of failure)
Confirm with . or Enter, or press ? or * to list all spells.
Aiming: Stone Arrow (dangerous; 5% risk of failure)
Press: ? - help, Shift-Dir - straight line, f/p - orc knight
Aim: an orc knight, wielding a +0 glaive and wearing a +0 ring mail (moderately wounded, 64% to hit)
The stone arrow hits the orc knight!
The orc knight is heavily wounded.
Casting: Stone Arrow (dangerous; 5% risk of failure)
Confirm with . or Enter, or press ? or * to list all spells.
Aiming: Stone Arrow (dangerous; 5% risk of failure)
Press: ? - help, Shift-Dir - straight line, f/p - orc knight
Aim: an orc knight, wielding a +0 glaive and wearing a +0 ring mail (heavily wounded, 64% to hit)
The stone arrow hits the orc knight!
The orc knight is severely wounded.
The orc knight hits you from afar with a +0 glaive!!
Ouch! That really hurt!
* * * LOW HITPOINT WARNING * * *
Casting: Stone Arrow (dangerous; 5% risk of failure)
Confirm with . or Enter, or press ? or * to list all spells.
Aiming: Stone Arrow (dangerous; 5% risk of failure)
Press: ? - help, Shift-Dir - straight line, f/p - orc knight
Aim: an orc knight, wielding a +0 glaive and wearing a +0 ring mail (severely wounded, 64% to hit)
Okay, then.
You feel better.
The orc knight hits you from afar with a +0 glaive!!
Ouch! That really hurt!
You die...

####### ####
♣♣≈≈≈≈≈♣♣♣..##
#♣.≈≈≈≈≈♣♣....#
#...≈≈≈≈≈♣..####
##.♣..≈≈≈≈♣..#$.####
###.....≈≈≈≈...#.....
♣♣♣....♣..≈≈≈≈.♣.##...
♣♣.....o.@.≈≈≈≈....#oo#
♣.........######...#.8#
♣..∩...............#..#
♣......).).).).)...'..#
♣..................'..#
♣..∩...............#..#
♣.........######...#.8#
♣♣......♣..≈≈≈≈....#..#
♣♣♣...♣♣..≈≈≈≈...##...


You could see an orc knight.

Vanquished Creatures
  Maggie (D:6)
  A water moccasin (D:6)
  3 ice beasts
  4 orc warriors (Bailey)
  3 ogres
  A kobold brigand (D:7)
  A bullfrog (D:4)
  A necrophage (D:6)
  A scorpion (D:5)
  2 hounds (D:5)
  An orc priest (D:4)
  4 iguanas
  3 orc wizards
  4 gnolls (D:5)
  4 adders
  An ufetubus (D:5)
  3 worms
  3 dart slugs
  14 orcs
  4 bats
  9 endoplasms
  6 giant cockroaches
  9 goblins
  9 hobgoblins
  9 jackals
  7 quokkas
  5 ball pythons
  12 kobolds
  5 rats
  A spectral orc (D:5)
131 creatures vanquished.

Vanquished Creatures (others)
  17 plants (D:4)
17 creatures vanquished.

Grand Total: 148 creatures vanquished

Notes
Turn   | Place    | Note
-------+----------+-------------------------------------------
     0 | D:1      | BigDaddyOpFi the Felid Earth Elementalist began the quest
                  | for the Orb.
     0 | D:1      | Reached XP level 1. HP: 7/7 MP: 4/4
   213 | D:1      | Reached XP level 2. HP: 11/11 MP: 4/6
   798 | D:1      | Reached XP level 3. HP: 14/14 MP: 5/7
  1195 | D:2      | Reached skill level 1 in Conjurations
  1603 | D:2      | Found a faded altar of an unknown god.
  1726 | D:2      | Learned a level 3 spell: Stone Arrow
  2435 | D:3      | Identified the +2 pair of boots of the Comet {Stlth+}
  2660 | D:3      | Reached XP level 4. HP: 18/18 MP: 1/8
  3050 | D:4      | Found a white marble altar of Elyvilon.
  3064 | D:4      | Noticed a bullfrog
  3119 | D:4      | Found a hazy altar of Hepliaklqana.
  3124 | D:4      | Mangled by a bullfrog
  3125 | D:4      | Reached XP level 3. HP: -7/14 MP: 0/7
  3811 | D:4      | Found a shimmering altar of Xom.
  3834 | D:4      | Killed a bullfrog
  3835 | D:4      | Reached XP level 4. HP: 11/18 MP: 4/9
  3890 | D:4      | Reached XP level 5. HP: 9/21 MP: 4/10
  4052 | D:4      | Noticed a black bear
  4087 | D:4      | HP: 1/21 [orc wizard/magic dart (5)]
  4799 | D:5      | Entered Level 5 of the Dungeon
  4805 | D:5      | Gained mutation: You are covered in thick fur. (AC +2)
                  | [Felid growth]
  4805 | D:5      | Reached XP level 6. HP: 24/24 MP: 2/11
  5125 | D:5      | Learned a level 2 spell: Searing Ray
  5243 | D:5      | Reached skill level 5 in Stealth
  5513 | D:5      | Found a basalt altar of Yredelemnul.
  5580 | D:5      | Reached skill level 5 in Dodging
  5886 | D:5      | Reached XP level 7. HP: 24/27 MP: 8/13
  6688 | D:6      | Slain by an ogre
  6689 | D:6      | Reached XP level 6. HP: 0/24 MP: 5/12
  6745 | D:6      | Noticed a water moccasin
  6758 | D:6      | Killed a water moccasin
  6780 | D:6      | Noticed Maggie
  6788 | D:6      | Killed Maggie
  6789 | D:6      | Reached XP level 7. HP: 18/27 MP: 1/14
  6934 | D:6      | Identified the +0 robe "Carch" {rC+ rCorr Str-5 SInv}
  7139 | D:6      | Reached XP level 8. HP: 31/31 MP: 11/15
  7259 | D:6      | Found a snail-covered altar of Cheibriados.
  7290 | D:7      | Noticed cforsyth's ghost (novice KoBr)
  7292 | D:7      | Found a runed translucent door.
  7326 | D:7      | Found a broken altar of Ashenzari.
  7426 | D:7      | Found a flagged portal.
  7437 | Bailey   | Entered a bailey
  7567 | Bailey   | Reached skill level 5 in Earth Magic
  7804 | Bailey   | Noticed an orc knight
  7861 | Bailey   | Learned a level 1 spell: Magic Dart
  7868 | Bailey   | Demolished by an orc knight

Illustrated notes

Levels and vault maps discovered:
D:1:      kennysheep_arrival_forest, layout_basic, serial_aquarium,
          aquarium_bridge_square [aquarium_subvault_wall,
          aquarium_subvault_wall, aquarium_subvault_balcony,
          aquarium_subvault_bridge], aquarium_window_fake, aquarium_window_1,
          aquarium_window_fake, aquarium_view_2a, aquarium_pool_double
D:2:      layout_loops_cross, shapermc_ecumenical_altar_notcrosses
D:3:      layout_loops_cross
D:4:      minmay_diamond_boxcup, layout_basic, mainiacjoe_overflow_alcove_4,
          nicolae_hepliaklqana_hazy_memory, kennysheep_mini_moat,
          kennysheep_crisscross
D:5:      layout_loops_ring, yredelemnul_forgotten_temple_becter
D:6:      layout_basic, marbit_many_paths, minivault_25, uniq_maggie
D:7:      layout_loops_ring, cheibrodos_ashenzari_chains,
          nicolae_gozag_zags_fifth_avenue, zin_purify, old_standard_altar,
          minmay_temple_entry_glassed_door, gammafunk_ghost_grave,
          enter_bailey_5, nicolae_lava_and_water, uniq_menkaure
Bailey:   bailey_polearm_elven_captive_hellmonk, bailey

Skill      XL: |  1  2  3  4  5  6  7  8 |
---------------+-------------------------+-----
Stealth        | 3 4 6 7 |  7.6
Dodging        | 3 4 5 6 7 |  7.0
Earth Magic    | 3 4 5 |  5.1
Conjurations   | 1 2 3 4 |  4.2
Spellcasting   | 3 4 |  4.9
Transmutations | 3 2 4 |  4.3

Action                     |  1- 3 |  4- 6 |  7- 9 || total
---------------------------+-------+-------+-------++-------
  Melee: Unarmed           |    27 |    12 |     1 ||    40
         Bite              |     3 |     1 |       ||     4
   Cast: Sandblast         |    85 |    61 |    20 ||   166
         Stone Arrow       |     5 |    35 |    56 ||    96
         Magic Dart        |       |       |     2 ||     2
    Use: Potion            |     1 |     6 |     4 ||    11
         Scroll            |     7 |     1 |     3 ||    11
   Stab: Sleeping          |     3 |       |       ||     3
 Armour: Skin              |     4 |     2 |       ||     6
  Dodge: Dodged            |    92 |    74 |    26 ||   192

Table legend: (Time is in decaauts)
 A = Elapsed time spent in this place.
 B = Non-inter-level travel time spent in this place.
 C = Inter-level travel time spent in this place.
 D = Time resting spent in this place.
 E = Time spent auto-exploring this place.
 F = Levels seen in this place.
 G = Mean time per level.
                   A        B        C        D        E       F      G
               +--------+--------+--------+--------+--------+-----+--------+
         Total |   7117 |   7000 |    117 |   2401 |   3531 |   8 |  889.6 |
       Dungeon |   6709 |   6592 |    117 |   2134 |   3531 |   7 |  958.4 |
        Bailey |    407 |    407 |      0 |    266 |      0 |   1 |  407.0 |
               +--------+--------+--------+--------+--------+-----+--------+

Top non-repeatable levels by time:
     D:4: 1658 daAuts
     D:5: 1181 daAuts
     D:6: 1112 daAuts
     D:1: 1022 daAuts
     D:3: 882 daAuts
     D:2: 711 daAuts
  Bailey: 407 daAuts
     D:7: 140 daAuts
